 Dungeon Crawl Stone Soup version 0.17-a0-2055-gb4e23be (webtiles) character file.

95 vatarom the Grave Robber (level 4, -3/33 HPs)
             Began as a Demonspawn Necromancer on Oct 11, 2015.
             Killed by nerve-wracking pain
             ... invoked by Grinder
              (6 damage)
             ... on level 3 of the Dungeon.
             The game lasted 00:06:48 (2443 turns).

vatarom the Grave Robber (Demonspawn Necromancer)   Turns: 2443, Time: 00:06:49

Health: -3/33      AC:  3    Str:  8    XL:     4   Next: 40%
Magic:  7/7        EV: 13    Int: 18    God:
Gold:   62         SH:  0    Dex: 13    Spells: 3 memorised, 2 levels left

rFire  . . .     SeeInvis .     d - +0 dagger
rCold  . . .     Clarity  .     a - +1 robe
rNeg   . . .     SustAt   .     (no shield)
rPois  +         Gourm    .     (helmet restricted)
rElec  .         Spirit   .     (no cloak)
rCorr  .         Warding  .     (no gloves)
rMut   .         Stasis   .     (no boots)
MR     .....                    (no amulet)
Stlth  ++........               (no ring)
                                c - ring of poison resistance

@: not resistant to hostile enchantments, unstealthy
A: horns 1, talons 1
a: no special abilities


You were on level 3 of the Dungeon.
You were not hungry.

You visited 1 branch of the dungeon, and saw 4 of its levels.

You collected 62 gold pieces.

Inventory:

Hand Weapons
 d - a +0 dagger (weapon)
Armour
 a - a +1 robe (worn)
Jewellery
 c - a ring of poison resistance (left hand)
Scrolls
 e - 2 scrolls of identify
 j - a scroll of remove curse
Potions
 f - 2 potions of curing
Books
 b - a book of Necromancy

   Spells                             Type                      Level
   a - Pain                           Necromancy                   1
   b - Animate Skeleton               Necromancy                   1
   c - Vampiric Draining              Necromancy                   3
   d - Regeneration                   Charms/Necromancy            3
   e - Animate Dead                   Necromancy                   4
   f - Control Undead                 Necromancy                   4


   Skills:
 - Level 2.0 Fighting
 + Level 3.7 Dodging
 - Level 1.7 Stealth
 - Level 2.0 Spellcasting
 - Level 4.3 Necromancy


You had 2 spell levels left.
You knew the following spells:

 Your Spells              Type           Power        Failure   Level  Hunger
a - Pain                  Necr           ###.         3%          1    #......
b - Animate Skeleton      Necr           N/A          3%          1    #......
c - Vampiric Draining     Necr           ###.......   12%         3    ###....


Dungeon Overview and Level Annotations

Branches:
Dungeon (4/15)
 Temple: D:4-7

Altars:

Annotations:
D:3 Grinder


Innate Abilities, Weirdness & Mutations

You have a pair of small horns on your head.
You have sharp toenails.


Message History

You suddenly lose the ability to move!
Grinder completely misses you. Grinder hits you!
You writhe in agony.
Grinder hits you.
You writhe in agony.
Grinder barely misses you. Grinder hits you.
* * * LOW HITPOINT WARNING * * *
You writhe in agony.
* * * LOW HITPOINT WARNING * * *
You can move again.
Casting: Animate Skeleton
Confirm with . or Enter, or press ? or * to list all spells.
Aiming: Vampiric Draining
Press: ? - help, Shift-Dir - straight line, f - Grinder
Aim: Grinder You can't drain life from that!
Grinder grins, showing sharp teeth.
Grinder gestures at you. Pain shoots through your body!
You die...

#####
#...#############
#................
#.>.#############
###.## ##### #...#
#.[.##### #<###
#.......#
#@########...###..
#..5........## ###
#..###.....<# #
#..# #.###(## #
#..# #.##.(# #
#..###.#..(#######
..........5....)..
............#######
.#..#####...#


You could see Grinder.

Vanquished Creatures
  4 adders (D:2)
  A worm (D:2)
  A giant gecko (D:1)
  5 giant cockroaches
  7 hobgoblins
  A quokka (D:2)
  8 bats
  3 giant newts
  9 goblins
  4 jackals (D:2)
  8 kobolds
  4 rats
55 creatures vanquished.

Vanquished Creatures (collateral kills)
  A quokka (D:2)
1 creature vanquished.

Grand Total: 56 creatures vanquished

Notes
Turn   | Place    | Note
--------------------------------------------------------------
     0 | D:1      | vatarom the Demonspawn Necromancer began the quest for the Orb.
     0 | D:1      | Reached XP level 1. HP: 13/13 MP: 3/3
   128 | D:1      | Reached skill level 1 in Fighting
   328 | D:1      | Learned a level 1 spell: Animate Skeleton
   376 | D:1      | Gained mutation: You have sharp toenails. [demonic ancestry]
   376 | D:1      | Reached XP level 2. HP: 14/21 MP: 3/5
  1078 | D:2      | Reached XP level 3. HP: 19/27 MP: 1/6
  1411 | D:2      | Learned a level 3 spell: Vampiric Draining
  1809 | D:2      | Gained mutation: You have a pair of small horns on your head. [demonic ancestry]
  1809 | D:2      | Reached XP level 4. HP: 23/33 MP: 7/7
  2235 | D:3      | You fall through a shaft!
  2300 | D:3      | Noticed Grinder
  2308 | D:3      | Paralysed by Grinder for 2 turns
  2316 | D:3      | Paralysed by Grinder for 3 turns
  2436 | D:3      | Paralysed by Grinder for 6 turns
  2443 | D:3      | Killed from afar by Grinder

Vault maps used:
D:1:      minmay_arrival_four_circles, grunt_decor_mini_mirrors,
          minmay_quantized
D:3:      grunt_temple_overflow_growth_and_decay, uniq_grinder, uniq_robin
D:4:      black_bear_nest_1, lemuel_round_altar, lemuel_round_altar,
          first_bread, serial_shops, kennysheep_mini

Action                   |  1- 3 |  4- 6 || total
-------------------------+-------+-------++-------
Melee: Dagger            |    53 |    25 ||    78
 Cast: Pain              |    58 |    22 ||    80
       Animate Skeleton  |     3 |     3 ||     6
  Use: Scroll            |     6 |     1 ||     7
       Potion            |     4 |     3 ||     7
 Stab: Sleeping          |     1 |       ||     1
  Eat: Bread ration      |     1 |       ||     1
       Beef jerky        |       |     1 ||     1
